 Dungeon Crawl Stone Soup version 0.29-a0-825-g72347fce65 (webtiles) character file.

Game seed: 2960207326524492985

3105 DungeonMaster the Knight (level 9, -1/71 HPs)
             Began as a Demonspawn Wanderer on July 11, 2022.
             Was a Priest of Okawaru.
             Slain by a wyvern (6 damage)
             ... on level 7 of the Dungeon.
             The game lasted 00:20:01 (8625 turns).

DungeonMaster the Knight (Demonspawn Wanderer)      Turns: 8625, Time: 00:20:02

Health: -1/71      AC: 13    Str: 22    XL:     9   Next: 60%
Magic:  14/14      EV:  9    Int: 14    God:    Okawaru [***...]
Gold:   337        SH: 13    Dex: 13    Spells: 11/13 levels left

rFire   . . .      SeeInvis +   a - +4 short sword (vamp)
rCold   . . .      Faith    +   u - +0 kite shield
rNeg    . . .      Spirit   .   g - +3 ring mail of the Comet {rPois SInv}
rPois   +          Reflect  .   n - +0 helmet
rElec   .          Harm     .   (cloak unavailable)
rCorr   .          Rampage  .   (no gloves)
Will    .....                   (no boots)
Stlth   +.........              t - amulet of faith
HPRegen 0.21/turn               h - ring of flight
MPRegen 0.14/turn               j - +6 ring of strength

@: flying
A: icy blue scales 2, foul stench 1, condensation shield, weakness stinger 3
a: Renounce Religion, Heroism


You were on level 7 of the Dungeon.
You worshipped Okawaru.
Okawaru was most pleased with you.
You visited 2 branches of the dungeon, and saw 8 of its levels.

You collected 337 gold pieces.

Inventory:

Hand Weapons
 a - a +4 vampiric short sword (weapon)
 d - a +2 spear of venom
 s - a +3 short sword of speed
 B - a +3 long sword of draining
Missiles
 b - 11 poisoned darts (quivered)
 i - 6 javelins
 l - 22 stones
 w - 6 atropa-tipped darts
 A - 2 throwing nets
Armour
 g - the +3 ring mail of the Comet (worn) {rPois SInv}
   (You acquired it on level 1 of the Dungeon)

   rPois:     It protects you from poison.
   SInv:      It lets you see invisible.
 n - a +0 helmet (worn)
 u - a +0 kite shield (worn)
Jewellery
 h - a ring of flight (left hand)
 j - a +6 ring of strength (right hand)
 t - an amulet of faith (around neck)
 y - a ring of wizardry
Wands
 x - a wand of flame (25)
Scrolls
 c - 3 scrolls of teleportation
 p - 2 scrolls of magic mapping
 C - a scroll of identify
 D - 2 scrolls of brand weapon
Potions
 e - a potion of ambrosia
 f - 2 potions of curing
 m - 4 potions of flight
 o - 3 potions of mutation
 q - a potion of resistance
 r - 2 potions of magic
 v - a potion of might
 z - a potion of lignification
Miscellaneous
 k - a lightning rod (inert)


   Skills:
 * Level 6.5 Fighting
 - Level 2.6 Throwing
 * Level 5.8 Armour
 * Level 5.6 Shields
 - Level 2.5 Spellcasting
 - Level 2.4 Conjurations
 - Level 3.0 Summonings
 - Level 3.0 Air Magic
 * Level 7.6 Invocations


You had 11 spell levels left.
You knew the following spells:

 Your Spells              Type           Power      Damage    Failure   Level
a - Shock                 Conj/Air       36%        1d5       30%         1
b - Summon Small Mammal   Summ           40%        N/A       26%         1

Your spell library contained the following spells:

 Spells                   Type           Power      Damage    Failure   Level
 Poisonous Vapours        Pois/Air       12%        N/A       61%         2
 Mephitic Cloud           Conj/Pois/Air  6%         N/A       80%         3
 Ensorcelled Hibernation  Hex/Ice        2%         N/A       82%         2
 Sublimation of Blood     Necr           1%         N/A       82%         2
 Airstrike                Air            5%         0-3+      95%         4
 Gell's Gravitas          Tloc           1%         N/A       96%         3
 Ignite Poison            Fire/Tmut/Pois 1%         N/A       96%         3
 Lesser Beckoning         Tloc           1%         N/A       96%         3
 Ozocubu's Armour         Ice            1%         N/A       96%         3
 Spider Form              Tmut/Pois      1%         N/A       96%         3
 Teleport Other           Tloc           1%         N/A       96%         3
 Anguish                  Hex/Necr       0%         N/A       100%        4
 Petrify                  Tmut/Erth      1%         N/A       100%        4
 Freezing Cloud           Conj/Ice/Air   3%         6-21      100%        5
 Irradiate                Conj/Tmut      2%         3d14      100%        5
 Metabolic Englaciation   Hex/Ice        0%         N/A       100%        5
 Call Canine Familiar     Summ           Unusable   N/A       N/A         3
 Summon Forest            Summ/Tloc      Unusable   N/A       N/A         5
 Summon Mana Viper        Hex/Summ       Unusable   N/A       N/A         5
 Simulacrum               Ice/Necr       Unusable   N/A       N/A         6
 Summon Cactus Giant      Summ           Unusable   N/A       N/A         6

Dungeon Overview and Level Annotations

Branches:
Dungeon (7/15)             Temple (1/1) D:4

Altars:
Ashenzari
Cheibriados
Dithmenos
Fedhas
Hepliaklqana
Makhleb
Nemelex Xobeh
Okawaru
Qazlal
Ru
Sif Muna
Trog
Uskayaw
Vehumet
Wu Jian
Xom

Annotations:
D:5 capka3m's ghost, amateur MeEE
Temple 2 transporters


Innate Abilities, Weirdness & Mutations

You are mostly covered in icy blue scales. (AC +3)
You may rarely emit foul miasma when damaged in melee.
A meltable shield of frost defends you. (SH +4)
You have a sharp stinger which inflicts weakening toxins.


Message History

* * * LOW HITPOINT WARNING * * *
The boulder beetle stops rolling and uncurls.
You hit the boulder beetle but do no damage.
The boulder beetle looks as sick as possible!
The boulder beetle is moderately wounded.
You block the boulder beetle's attack. The boulder beetle bites you!
* * * LOW HITPOINT WARNING * * *
Okay, then.
As you read the scroll of teleportation, it crumbles to dust.
You feel strangely unstable. You block the boulder beetle's attack.
The boulder beetle attacks as you move away!
The boulder beetle bites you.
* * * LOW HITPOINT WARNING * * *
Your surroundings suddenly seem different.
A white imp, a centaur and a wyvern come into view.
Found a scroll of noise, a wand of flame (16), a ring mail and a war axe.
The centaur shouts!
You hear a shout! x3
You block the centaur's attack.
The centaur kicks you but does no damage.
The white imp gestures at you.
The puff of frost hits you but does no damage.
The centaur hits you but does no damage.
The centaur kicks you but does no damage.
The wyvern moves out of view.
You hear a bark!
You see here a scroll of noise.
Your +2 spear of venom stops dripping with poison.
You feel a sense of dread.
a - a +4 vampiric short sword (weapon)
A gnoll bouda comes into view. It is wielding a +0 club.
You puncture the centaur!
You feel better.
The centaur is moderately wounded.
The centaur hits you but does no damage.
You block the centaur's attack. You block the wyvern's attack.
A bullfrog comes into view.
The centaur hits you but does no damage.
The centaur kicks you but does no damage.
An orc comes into view. It is wielding a +0 short sword.
The wyvern bites you.
You die...

....
....
.... #
....
###.
....
..5##
...#
#o..
....
#./
.###
#.###
##
#@c# #
#l##.#
[.# ..
....
##
##.#
#)# #
#.# F.


You could see a wyvern, a bullfrog (wandering), a centaur, a white imp and an
orc.

Vanquished Creatures
  A manticore (D:7)
  2 water moccasins (D:6)
  An orc warrior (D:5)
  An ice beast (D:5)
  3 black bears
  2 ogres
  A centaur (D:6)
  5 phantoms
  A bullfrog (D:4)
  5 necrophages
  A scorpion (D:5)
  5 wights (D:6)
  A killer bee (D:6)
  3 hounds
  An orc priest (D:7)
  A gnoll bouda (D:5)
  2 iguanas
  5 orc wizards
  7 adders
  12 gnolls
  2 shadow imps (D:6)
  2 white imps
  2 ufetubi (D:6)
  2 worms
  A dart slug (D:3)
  20 orcs
  4 endoplasms
  A giant cockroach (D:2)
  7 hobgoblins
  7 jackals
  6 quokkas
  5 ball pythons
  11 bats
  4 frilled lizards
  5 goblins
  2 kobolds
  6 rats
147 creatures vanquished.

Vanquished Creatures (collateral kills)
  A necrophage (D:3)
  A kobold (D:1)
2 creatures vanquished.

Vanquished Creatures (others)
  3 withered plants (D:1)
3 creatures vanquished.

Grand Total: 152 creatures vanquished

Notes
Turn   | Place    | Note
-------+----------+-------------------------------------------
     0 | D:1      | DungeonMaster the Demonspawn Wanderer began the quest for
                  | the Orb.
     0 | D:1      | DungeonMaster set off with the following items: a +0
                  | dagger, 8 poisoned darts, a scroll of teleportation, a +0
                  | leather armour; and the following spells available to
                  | memorise: Summon Small Mammal, Shock, Call Canine Familiar,
                  | Poisonous Vapours, Airstrike.
     0 | D:1      | Reached XP level 1. HP: 13/13 MP: 3/3
     2 | D:1      | Learned a level 1 spell: Summon Small Mammal
   272 | D:1      | Learned a level 1 spell: Shock
   343 | D:1      | You fall into a shaft and drop 1 floor!
   907 | D:1      | Found a faded altar of an unknown god.
   964 | D:1      | Gained mutation: A meltable shield of frost defends you.
                  | (SH +4) [demonic ancestry]
   964 | D:1      | Reached XP level 2. HP: 20/20 MP: 1/5
  1355 | D:1      | Reached skill level 1 in Fighting
  1536 | D:1      | Reached skill level 1 in Conjurations
  1603 | D:1      | Reached XP level 3. HP: 26/26 MP: 3/6
  1896 | D:1      | Identified a scroll of acquirement
  1896 | D:1      | Acquired the +3 ring mail of the Comet {rPois SInv}
  2420 | D:2      | Gained mutation: You have a small tail. [demonic ancestry]
  2420 | D:2      | Reached XP level 4. HP: 32/32 MP: 0/7
  2574 | D:2      | Reached skill level 1 in Armour
  2687 | D:3      | Noticed a necrophage
  2704 | D:3      | Killed a necrophage
  2705 | D:3      | Gained mutation: You have a tail ending in a sharp stinger.
                  | [demonic ancestry]
  2705 | D:3      | Reached XP level 5. HP: 21/38 MP: 5/8
  2978 | D:3      | Reached skill level 1 in Shields
  3569 | D:4      | Noticed a black bear
  3585 | D:3      | Killed a black bear
  3684 | D:4      | Gained mutation: You have a sharp stinger which inflicts
                  | weakening toxins. [demonic ancestry]
  3684 | D:4      | Reached XP level 6. HP: 43/46 MP: 9/9
  3831 | D:4      | Found a staircase to the Ecumenical Temple.
  3875 | Temple   | Entered the Ecumenical Temple
  3875 | Temple   | Found a transporter.
  3875 | Temple   | Found a transporter.
  3877 | Temple   | Found a transporter.
  3877 | Temple   | Found a transporter.
  3900 | Temple   | Became a worshipper of Warmaster Okawaru
  3940 | D:4      | Reached skill level 1 in Invocations
  4062 | D:4      | Reached skill level 2 in Invocations
  4062 | D:4      | Gained mutation: You are partially covered in icy blue
                  | scales. (AC +2) [demonic ancestry]
  4062 | D:4      | Reached XP level 7. HP: 32/52 MP: 10/10
  4592 | D:5      | Entered Level 5 of the Dungeon
  4617 | D:4      | Reached * piety under Okawaru
  4618 | D:4      | Reached skill level 3 in Invocations
  4862 | D:5      | Found a sacrificial altar of Ru.
  4930 | D:5      | Found a runed translucent door.
  4933 | D:5      | Noticed capka3m's ghost (amateur MeEE)
  5136 | D:5      | Reached skill level 4 in Invocations
  5358 | D:5      | Gained mutation: You may rarely emit foul miasma when
                  | damaged in melee. [demonic ancestry]
  5358 | D:5      | Reached XP level 8. HP: 36/60 MP: 11/11
  5919 | D:5      | Reached skill level 5 in Invocations
  6242 | D:6      | Reached skill level 5 in Fighting
  6316 | D:6      | Reached ** piety under Okawaru
  6518 | D:6      | Reached skill level 6 in Invocations
  6725 | D:6      | Found a sparkling altar of Nemelex Xobeh.
  6817 | D:6      | Gained mutation: You are mostly covered in icy blue scales.
                  | (AC +3) [demonic ancestry]
  6817 | D:6      | Reached XP level 9. HP: 68/68 MP: 13/13
  6843 | D:6      | Reached skill level 5 in Armour
  6952 | D:6      | Found a hazy altar of Hepliaklqana.
  7267 | D:6      | Reached skill level 5 in Shields
  7715 | D:6      | Reached *** piety under Okawaru
  7968 | D:7      | Noticed a manticore
  8015 | D:7      | Killed a manticore
  8016 | D:7      | Reached skill level 7 in Invocations
  8606 | D:7      | Noticed a boulder beetle
  8623 | D:7      | HP: 3/71 [boulder beetle (3)]
  8625 | D:7      | Slain by a wyvern

Illustrated notes

Levels and vault maps discovered:
D:1:      saegor_arrival_simple_b, layout_basic,
          ebering_ecumenical_altar_petrified, st_stairs_10,
          minmay_misc_feat_tower, wander_ebering_terrifying_dragon_lair
D:2:      layout_basic, corexii_item_surrounded_by_moat
D:3:      layout_rooms
D:4:      layout_loops_ring, minmay_temple_entry_mist
D:5:      layout_gridville, mainiacjoe_overflow_alcove_1,
          ebering_ghost_reflecting_pool, minmay_misc_feat_doors, st_stairs_7,
          kennysheep_generic_room_14
D:6:      layout_basic, mainiacjoe_overflow_boulevard, serial_corexii_hall,
          chequers_hall_statues_corner_a, corexii_hall_statues_t,
          minmay_ruined_shrine
D:7:      layout_layer_cave, serial_shops, shop, minmay_shattered_shrine
Temple:   hellmonk_temple_divided_pantheon

Skill      XL: |  1  2  3  4  5  6  7  8  9 |
---------------+----------------------------+-----
Air Magic      | 2 3 |  3.0
Fighting       | 1 2 3 4 5 6 |  6.5
Conjurations   | 1 2 |  2.4
Armour         | 1 2 3 4 5 |  5.8
Shields        | 1 2 3 4 5 |  5.6
Invocations    | 2 4 6 7 |  7.6
Throwing       | |  2.6
Spellcasting   | |  2.5
Summonings     | |  3.0

Action                   |  1- 3 |  4- 6 |  7- 9 || total
-------------------------+-------+-------+-------++-------
Melee: Dagger            |    33 |       |       ||    33
       Short sword       |    89 |    75 |   457 ||   621
       Punch             |     1 |       |       ||     1
       Tailslap          |       |    18 |    73 ||    91
       Spear             |       |       |    14 ||    14
Throw: Dart              |       |       |    41 ||    41
 Cast: Shock             |    46 |    20 |       ||    66
       Summon Small Mamm |     2 |     4 |       ||     6
Invok: Heroism           |       |       |     1 ||     1
Evoke: Lightning rod     |       |       |     4 ||     4
  Use: Scroll            |     5 |     9 |    14 ||    28
       Potion            |       |       |     2 ||     2
 Stab: Distracted        |       |     1 |       ||     1
Armor: Leather armour    |    29 |       |       ||    29
       Ring mail         |    20 |    34 |   195 ||   249
Dodge: Dodged            |    69 |    29 |   147 ||   245
Block: Other             |    17 |       |       ||    17
       Buckler           |       |     9 |       ||     9
       Kite shield       |       |    11 |   338 ||   349

Table legend: (Time is in decaauts)
 A = Elapsed time spent in this place.
 B = Non-inter-level travel time spent in this place.
 C = Inter-level travel time spent in this place.
 D = Time resting spent in this place.
 E = Time spent auto-exploring this place.
 F = Levels seen in this place.
 G = Mean time per level.
                   A        B        C        D        E       F      G
               +--------+--------+--------+--------+--------+-----+--------+
         Total |   8694 |   8559 |    135 |   2621 |   4038 |   8 | 1086.8 |
       Dungeon |   8653 |   8525 |    128 |   2621 |   4031 |   7 | 1236.1 |
        Temple |     41 |     34 |      7 |      0 |      7 |   1 |   41.0 |
               +--------+--------+--------+--------+--------+-----+--------+

Top non-repeatable levels by time:
     D:6: 1934 daAuts
     D:1: 1853 daAuts
     D:5: 1347 daAuts
     D:4: 1062 daAuts
     D:3: 984 daAuts
     D:2: 839 daAuts
     D:7: 630 daAuts
  Temple: 41 daAuts
